 Dungeon Crawl Stone Soup version 0.27.1-34-g3ba077fa99 (webtiles) character file.

Game seed: 14698064845040157661

164 growler the Gusty (level 5, -2/28 HPs)
             Began as a Tengu Air Elementalist on Jan 25, 2022.
             Slain by an orc (4 damage)
             ... on level 3 of the Dungeon.
             The game lasted 00:07:41 (2784 turns).

growler the Gusty (Tengu Air Elementalist)          Turns: 2784, Time: 00:07:42

Health: -2/28      AC:  2    Str:  8    XL:     5   Next: 45%
Magic:  0/11       EV: 15    Int: 16    God:
Gold:   117        SH:  0    Dex: 21    Spells: 0/10 levels left

rFire    . . .     SeeInvis .   (no weapon)
rCold    . . .     Faith    .   (no shield)
rNeg     . . .     Spirit   .   a - +0 robe
rPois    .         Reflect  .   (helmet restricted)
rElec    .         Harm     .   (no cloak)
rCorr    .         Rampage  .   (no gloves)
Will     .....                  (boots unavailable)
Stlth    ++........             (no amulet)
HPRegen  0.09/turn              b - +6 ring of dexterity
MPRegen  0.12/turn              (no ring)

@: flying quickly and evasively, quick
A: beak, talons 3, nimble flight
a: no special abilities


You were on level 3 of the Dungeon.
You visited 1 branch of the dungeon, and saw 3 of its levels.

You collected 117 gold pieces.

Inventory:

Armour
 a - a +0 robe (worn)
Jewellery
 b - a +6 ring of dexterity (left hand)
   (You found it on level 1 of the Dungeon)
Scrolls
 e - a scroll of blinking {unknown}
 g - a scroll of amnesia {unknown}
 h - a scroll of magic mapping {unknown}
 i - a scroll of teleportation {unknown}
 j - a scroll of noise {unknown}
Potions
 c - a potion of resistance {unknown}
 d - a potion of flight {unknown}
 f - a potion of brilliance {unknown}


   Skills:
 - Level 2.1 Dodging
 - Level 2.0 Stealth
 + Level 3.3 Spellcasting
 + Level 4.0 Conjurations
 + Level 5.5 Air Magic


You couldn't memorise any spells.
You knew the following spells:

 Your Spells              Type           Power      Damage    Failure   Level
a - Shock                 Conj/Air       72%        1d7       2%          1
b - Airstrike             Air            10%        N/A       19%         4
d - Static Discharge      Conj/Air       18%        N/A       3%          2
s - Swiftness             Air            20%        N/A       5%          3

Your spell library contained the following spells:

 Spells                   Type           Power      Damage    Failure   Level
 Animate Skeleton         Necr           4%         N/A       19%         1
 Apportation              Tloc           4%         N/A       19%         1
 Corona                   Hex            2%         N/A       19%         1
 Summon Small Mammal      Summ           8%         N/A       19%         1


Dungeon Overview and Level Annotations

Branches:
Dungeon (3/15)

Altars:
Okawaru
Xom


Innate Abilities, Weirdness & Mutations

You have a beak for a mouth.
You have claws for feet.
Your magical nature lets you fly swiftly and evasively.


Message History

Aim: an orc, wielding a +0 flail of protection and wearing a +0 leather armour (moderately wounded, 71% to hit)
The zap misses the orc.
Aim: an orc priest, wielding a +0 club and wearing a +0 leather armour (71% to hit)
The zap hits the orc.
The zap hits the orc priest.
Aim: an orc priest, wielding a +0 club and wearing a +0 leather armour (moderately wounded, 71% to hit)
The zap hits the orc.
You kill the orc!
The zap misses the orc.
The zap hits the orc priest.
Your Conjurations skill increases to level 4!
The orc misses you. The orc closely misses you.
There is an open door here.
Things that are here:
a +0 flail of protection; a +0 leather armour The orc is struck by an arc of lightning.
You kill the orc!
The orc is struck by an arc of lightning.
The lightning grounds out.
The orc hits you with a +0 morningstar. The orc barely misses you.
The orc is struck by an arc of lightning!
You kill the orc!
The lightning grounds out.
The orc priest looks satisfied for a moment.
The orc closely misses you.
Unknown command.
The orc priest is struck by an arc of lightning.
You are struck by an arc of lightning.
The lightning grounds out.
The orc priest barely misses you.
You closely miss the orc priest. Your kick misses the orc priest.
The orc priest misses you. The orc barely misses you.
You hit the orc priest. Your peck misses the orc priest.
The orc priest completely misses you. The orc closely misses you.
You hit the orc priest but do no damage.
The orc priest hits you with a +0 club. The orc closely misses you.
You hit the orc priest but do no damage.
Your kick misses the orc priest.
You peck the orc priest, but do no damage.
The orc priest calls upon Beogh to heal the orc.
The orc's wounds heal themselves!
The orc hits you with a +0 mace.
You closely miss the orc priest.
The orc priest invokes the aid of Beogh against you.
Beogh smites you!
* * * LOW HITPOINT WARNING * * *
The orc hits you with a +0 mace.
* * * LOW HITPOINT WARNING * * *
The orc priest miscasts a cantrip.
Aim: an orc priest, wielding a +0 club and wearing a +0 leather armour (almost dead, 71% to hit)
The zap hits the orc.
The zap hits the orc priest!
You kill the orc priest!
The orc hits you with a +0 mace.
You die...

#### #.....≈..# .
#..≈.....# ##
#....≈...#
#........#
#....).# ##)##
#.))# # #.o.#
#..######## #.@.#
###.........#
#..##
..###+##'##+###..#
###.....#.....#..#
###.....#.....#..#
#.'##'##'##'##'..#
#.#..#.....#..#..#
..#..#'###+#..#..#
..#..#.....#..#..#


You could see an orc.

Vanquished Creatures
  A hound (D:3)
  2 orc priests (D:3)
  4 gnolls
  An adder (D:2)
  A dart slug (D:2)
  4 orcs (D:3)
  4 ball pythons
  6 bats
  3 endoplasms
  A giant cockroach (D:2)
  6 hobgoblins
  5 quokkas
  A frilled lizard (D:3)
  5 goblins
  7 kobolds
  4 rats (D:2)
55 creatures vanquished.

Vanquished Creatures (others)
  An adder (D:3)
  A bat (D:3)
  A ball python (D:3)
  A kobold (D:3)
  A fungus (D:1)
  2 plants (D:1)
7 creatures vanquished.

Grand Total: 62 creatures vanquished

Notes
Turn   | Place    | Note
-------+----------+-------------------------------------------
     0 | D:1      | growler the Tengu Air Elementalist began the quest for the
                  | Orb.
     0 | D:1      | Reached XP level 1. HP: 10/10 MP: 4/4
   204 | D:1      | Reached XP level 2. HP: 15/15 MP: 3/6
   207 | D:1      | Learned a level 2 spell: Static Discharge
   318 | D:1      | Found a faded altar of an unknown god.
   794 | D:2      | Reached XP level 3. HP: 16/19 MP: 2/7
  1613 | D:2      | Learned a level 3 spell: Swiftness
  1621 | D:2      | Reached XP level 4. HP: 17/24 MP: 0/9
  1657 | D:2      | Reached skill level 5 in Air Magic
  2243 | D:3      | Gained mutation: Your magical nature lets you fly swiftly
                  | and evasively. [Tengu growth]
  2243 | D:3      | Reached XP level 5. HP: 17/28 MP: 2/10
  2362 | D:3      | Learned a level 4 spell: Airstrike
  2544 | D:3      | Found a shimmering altar of Xom.
  2742 | D:3      | Found an iron altar of Okawaru.
  2782 | D:3      | HP: 1/28 [orc (4)]
  2784 | D:3      | Slain by an orc

Illustrated notes

Levels and vault maps discovered:
D:1:      lordsloth_arrival_two_stooges, layout_rooms,
          shapermc_ecumenical_altar_gd
D:2:      layout_rooms
D:3:      layout_loops_ring, nicolae_dithmenos_through_a_glass_darkly,
          mainiacjoe_overflow_24_doors, xom_confusion_cloud, lemuel_tele_altar,
          grunt_decor_resistance, grunt_decor_one_mirror, grunt_ministairs_1,
          kennysheep_another_room, minivault_4

Skill      XL: |  1  2  3  4  5 |
---------------+----------------+-----
Conjurations   | 2 3 4 |  4.0
Air Magic      | 5 |  5.5
Spellcasting   | 3 |  3.3
Dodging        | |  2.1
Stealth        | |  2.0

Action                   |  1- 3 |  4- 6 || total
-------------------------+-------+-------++-------
Melee: Unarmed           |    11 |     5 ||    16
       Kick              |     3 |       ||     3
       Peck              |     2 |     1 ||     3
 Cast: Shock             |    43 |    34 ||    77
       Static Discharge  |    12 |     9 ||    21
 Stab: Sleeping          |     1 |       ||     1
Armor: Robe              |     1 |       ||     1
Dodge: Dodged            |    23 |    24 ||    47
